Map: Site Delta LE

Players

BlizzJanitor (Jason) - Winner!

  • Race: Terran Terran
  • League: Grandmaster
  • Spawn Location: 5:00

Dice

  • Race: Terran Terran
  • League: Grandmaster
  • Spawn Location: 11:00

VOD

Have the link to the VOD?

Description

Time

  • Played on: Dec. 15, 2023, 7:27 p.m.
  • Length: 11:01
Show
View Real Time Build Order
Export as new Build Order

BlizzJanitor Terran - Winner!

Build Orders: Cyclone Opening 

Get SALT Encoding   

  12  0:00  SCV  
  13  0:12  SCV  
  14  0:17  Supply Depot  
  14  0:24  SCV  
  15  0:39  SCV  
  15  0:40  Barracks  
  16  0:46  Refinery  
  16  0:51  SCV  
  17  0:58  Refinery  
  17  1:03  SCV  
  18  1:16  SCV  
  19  1:28  Reaper  
  19  1:29  Orbital Command  
  20  1:39  Supply Depot  
  20  1:45  Factory  
  20  1:55  SCV  
  20  2:01  Reaper  
  22  2:07  SCV  
  23  2:18  Command Center  
  23  2:32  Cyclone  
  23  2:36  SCV, Barracks Reactor  
  26  2:46  Starport  
  26  2:48  SCV  
  27  2:57  Supply Depot  
  27  3:00  SCV  
  28  3:12  SCV  
  29  3:20  Cyclone  
  29  3:21  Cyclone  
  29  3:24  SCV  
  29  3:25  Medivac  
  36  3:27  Refinery  
  36  3:36  Orbital Command  
  36  3:37  SCV  
  36  3:41  Barracks Tech Lab  
  37  3:49  SCV  
  38  3:59  Cyclone x2  
  38  4:01  SCV  
  43  4:04  SCV  
  43  4:09  Raven  
  46  4:13  SCV  
  46  4:16  SCV, Supply Depot  
  48  4:17  Interference Matrix  
  48  4:25  SCV  
  48  4:27  Supply Depot  
  48  4:28  SCV  
  50  4:33  Cyclone  
  52  4:49  Cyclone  
  54  4:56  SCV  
  54  4:57  Raven  
  57  5:01  SCV  
  57  5:02  Command Center  
  57  5:05  Cyclone  
  60  5:08  SCV  
  60  5:13  SCV  
  60  5:14  Refinery, Supply Depot  
  62  5:19  Supply Depot  
  62  5:21  SCV, Cyclone  
  65  5:27  SCV  
  66  5:31  Raven  
  66  5:33  SCV  
  69  5:37  Supply Depot  
  69  5:39  SCV  
  70  5:43  Cyclone  
  70  5:45  SCV  
  70  5:49  Factory  
  73  5:50  Barracks Tech Lab  
  73  5:52  SCV  
  74  6:00  Cyclone, Supply Depot  
  74  6:01  SCV  
  74  6:04  SCV  
  80  6:11  Raven  
  80  6:15  Orbital Command  
  80  6:16  SCV x2  
  82  6:19  Factory  
  82  6:23  Cyclone  
  84  6:28  SCV  
  85  6:35  SCV  
  86  6:40  SCV, Cyclone  
  86  6:45  Cyclone, Hurricane Engines  
  91  6:50  SCV  
  91  6:51  Orbital Command  
  91  6:52  Engineering Bay  
  92  6:55  SCV, Refinery, Starport Reactor  
  92  6:58  Armory, Refinery  
  92  7:01  Armory  
  92  7:02  SCV  
  92  7:08  SCV  
  84  7:30  Cyclone x2  
  84  7:34  Cyclone x2  
  84  7:35  Viking x2  
  84  7:36  SCV  
  97  7:43  SCV x2  
  99  7:48  SCV  
  98  7:52  Terran Vehicle Weapons Level 1, Terran Vehicle And Ship Armor Level 1  
  98  7:55  SCV x2  
  98  7:57  Command Center  
  100  8:01  SCV  
  103  8:07  SCV x2  
  105  8:13  SCV  
  105  8:14  Siege Tank x2  
  105  8:15  Hellion  
  105  8:16  Hellion  
  105  8:17  Infernal Pre-Igniter  
  105  8:19  SCV x2  
  115  8:25  SCV  
  116  8:30  Supply Depot  
  116  8:31  SCV  
  116  8:32  Supply Depot x2  
  117  8:37  Missile Turret  
  117  8:39  Missile Turret  
  117  8:41  Missile Turret  
  117  8:43  Missile Turret  
  117  8:44  Supply Depot  
  117  8:45  Supply Depot  
  117  8:47  Supply Depot  
  117  8:52  SCV x3, Viking, Siege Tank  
  117  8:53  Viking  
  117  8:54  Hellion x2, Siege Tank  
  134  9:04  SCV x3  
  134  9:08  Sensor Tower  
  137  9:13  Sensor Tower  
  137  9:15  Factory  
  137  9:16  SCV x3, Sensor Tower  
  140  9:17  Factory  
  140  9:25  Viking x2  
  140  9:26  Refinery  
  140  9:28  SCV x3, Refinery  
  140  9:29  Siege Tank  
  150  9:35  Missile Turret x2  
  150  9:37  Missile Turret  
  150  9:40  Missile Turret  
  150  9:41  Planetary Fortress  
  150  9:51  Hellion x2, Siege Tank  
  155  9:59  Viking x2  
  159  10:01  Siege Tank  
  158  10:20  Hellion  
  158  10:21  Hellion  
  134  10:23  Siege Tank  
  134  10:24  SCV x3  
  134  10:27  SCV  
  128  10:29  Viking x2  
  135  10:35  Factory Tech Lab  
  135  10:36  SCV x2, Factory Tech Lab  
  135  10:41  SCV  
  135  10:42  SCV  
  137  10:48  SCV x2  
Show
View Real Time Build Order
Export as new Build Order

Dice Terran 

Build Orders: Cyclone Opening 

Get SALT Encoding   

  12  0:00  SCV  
  13  0:12  SCV  
  14  0:17  Supply Depot  
  14  0:24  SCV  
  15  0:38  SCV  
  15  0:39  Barracks  
  16  0:44  Refinery  
  16  0:50  SCV  
  16  0:52  Refinery  
  17  1:02  SCV  
  18  1:15  SCV  
  19  1:27  Reaper, Orbital Command  
  19  1:32  Supply Depot  
  20  1:41  Factory  
  20  1:53  SCV  
  21  2:00  Barracks Reactor  
  21  2:05  SCV  
  22  2:16  Command Center  
  22  2:20  SCV  
  23  2:26  Hellion  
  25  2:32  SCV  
  25  2:36  Reaper x2  
  28  2:39  Supply Depot  
  28  2:45  SCV  
  31  2:51  Cyclone  
  31  3:01  SCV  
  32  3:09  Starport  
  32  3:13  SCV, Marine x2  
  35  3:24  Factory Tech Lab  
  35  3:25  SCV  
  36  3:27  Orbital Command  
  36  3:32  Refinery  
  36  3:37  SCV  
  36  3:38  Marine x2  
  39  3:46  Starport Tech Lab  
  39  3:49  SCV  
  35  3:55  Siege Tank  
  35  3:56  SCV, Marine x2  
  41  4:03  Bunker  
  41  4:08  Raven, SCV  
  41  4:09  SCV  
  45  4:11  Supply Depot  
  45  4:15  Marine x2, Interference Matrix  
  47  4:20  SCV  
  47  4:23  SCV  
  49  4:27  Siege Tank  
  52  4:33  SCV  
  52  4:35  SCV, Marine x2  
  52  4:46  Raven  
  52  4:47  SCV x2  
  53  4:56  Marine x2  
  53  4:59  SCV x2  
  57  5:01  Command Center  
  57  5:03  Siege Tank  
  60  5:08  Supply Depot  
  60  5:10  Supply Depot  
  60  5:13  SCV x2  
  62  5:28  Starport Reactor  
  62  5:29  Barracks, SCV x2  
  62  5:31  Barracks  
  62  5:35  Siege Tank  
  67  5:38  Marine, Stimpack  
  68  5:45  SCV x2  
  68  5:46  Engineering Bay x2  
  70  5:53  Supply Depot  
  70  5:56  Marine  
  71  5:58  SCV x2  
  71  6:01  Refinery  
  71  6:02  Supply Depot  
  73  6:07  Siege Tank  
  76  6:14  Terran Infantry Armor Level 1, Terran Infantry Weapons Level 1  
  76  6:17  Orbital Command  
  76  6:20  Starport Reactor  
  76  6:22  SCV x2, Marine x2  
  76  6:23  Marine x2  
  76  6:25  Marine  
  83  6:38  Barracks  
  83  6:39  Barracks, Siege Tank  
  86  6:40  Marine  
  86  6:41  Marine x2  
  86  6:43  Marine  
  90  6:50  SCV x2  
  90  6:54  Marine  
  93  7:00  Marine x4  
  95  7:06  Medivac x2  
  95  7:07  SCV  
  95  7:08  SCV  
  88  7:17  Marine  
  88  7:18  Marine x3  
  88  7:19  SCV  
  75  7:26  SCV  
  75  7:27  Marine  
  75  7:29  Marine x2  
  79  7:30  Siege Tank  
  79  7:32  SCV  
  79  7:34  Marine  
  73  7:38  SCV  
  73  7:42  Marine x3  
  73  7:43  Medivac x2  
  73  7:44  SCV  
  76  7:50  SCV  
  77  7:53  Marine  
  77  7:54  Barracks x2, Marine x3  
  77  7:55  Barracks  
  77  7:56  SCV  
  82  8:00  Marine x2  
  82  8:01  Marine  
  82  8:02  SCV, Siege Tank  
  89  8:05  Orbital Command  
  89  8:11  SCV, Marine x2  
  92  8:14  SCV, Marine x2  
  92  8:18  Marine x2  
  92  8:19  Marine, Medivac x2  
  102  8:28  SCV x2, Supply Depot  
  102  8:29  Marine x2, Supply Depot  
  102  8:32  Marine  
  107  8:36  Armory, Marine  
  107  8:40  SCV x2, Marine  
  111  8:42  Marine  
  111  8:43  Marine  
  111  8:45  Marine  
  111  8:47  Combat Shield  
  114  8:49  Marine x2  
  114  8:51  Marine  
  114  8:52  Marine  
  114  8:54  SCV  
  119  8:55  SCV  
  119  8:57  SCV  
  119  8:59  Marine  
  119  9:00  Marine  
  119  9:02  Marine x2  
  124  9:05  Marine x2  
  124  9:06  SCV, Medivac  
  124  9:07  Medivac  
  124  9:08  Marine  
  133  9:11  Marine x2  
  133  9:13  SCV  
  136  9:21  Supply Depot  
  136  9:22  Marine x2, Supply Depot  
  136  9:23  Supply Depot  
  140  9:28  Marine  
  140  9:31  Marine  
  140  9:39  Marine  
  140  9:42  Marine x5, Siege Tank  
  140  9:43  Marine  
  150  9:47  Marine x2  
  150  9:48  Medivac x2  
  150  9:52  Marine  
  157  9:57  Marine, Supply Depot  
  157  9:58  Supply Depot  
  158  10:00  Marine x2  
  158  10:02  Marine x3  
  158  10:03  Marine  
  158  10:05  Marine  
  139  10:17  Marine x3  
  139  10:18  Marine x2  
  139  10:21  Marine x4  
  104  10:22  Marine  
  92  10:31  Medivac  
  92  10:35  Marine x5  
  96  10:38  Marine x3  
  96  10:40  Marine x2  
Tags
 
Add a new tag
Caveats
  • Supply blocks, unpowered buildings, or Contaminate may cause inaccurate times.
  • Supply counts are checked every 10 seconds.